 Dungeon Crawl Stone Soup version 0.17.1-1-g73c8601 (webtiles) character file.

11317 Implojin the Severer (level 11, -1/105 HPs)
             Began as a Minotaur Fighter on Apr 8, 2016.
             Was a High Priest of Okawaru.
             Succumbed to a black mamba's poison
             ... on level 5 of the Lair of Beasts.
             The game lasted 00:18:17 (2198 turns).

Implojin the Severer (Minotaur Fighter)             Turns: 2198, Time: 00:18:17

Health: -1/105     AC: 21    Str: 22    XL:     11   Next: 47%
Magic:  1/10       EV:  8    Int:  5    God:    Okawaru [*****.]
Gold:   234        SH: 11    Dex: 12    Spells: 0 memorised, 10 levels left

rFire  . . .     SeeInvis .     l - +0 war axe (venom)
rCold  . . .     Clarity  .     i - +0 plate armour
rNeg   . . .     SustAt   .     c - +0 shield
rPois  .         Gourm    .     (helmet restricted)
rElec  .         Spirit   +     d - +1 cloak
rCorr  .         Warding  .     j - +2 pair of gloves
rMut   .         Stasis   .     (no boots)
MR     .....                    g - amulet of guardian spirit
Stlth  ..........               (no ring)
                                q - ring of flight

@: lethally poisoned (-1 -> -16), heroism, finesse, not resistant to hostile
enchantments, extremely unstealthy
A: retaliatory headbutt, horns 2
a: Heroism, Finesse, Renounce Religion, Evoke Flight


You were on level 5 of the Lair of Beasts.
You worshipped Okawaru.
Okawaru was extremely pleased with you.
You were not hungry.

You visited 2 branches of the dungeon, and saw 17 of its levels.

You collected 234 gold pieces.

Inventory:

Hand Weapons
 a - a +0 war axe
 l - a +0 war axe of venom (weapon)
 n - a +0 battleaxe
 s - the +1 morningstar of Impermanence {crush, rN+}
   (You found it on level 9 of the Dungeon)

   It inflicts extra damage upon your enemies.
   It protects you from negative energy.
 y - a +3 scimitar
Missiles
 m - 4 javelins (quivered)
Armour
 b - a +0 scale mail
 c - a +0 shield (worn)
 d - a +1 cloak (worn)
 i - a +0 plate armour (worn)
 j - a +2 pair of gloves (worn)
 x - a +0 ring mail
 A - a troll hide
Jewellery
 g - an amulet of guardian spirit (around neck)
 q - a ring of flight (left hand)
Wands
 f - a wand of fireball (10)
 w - a wand of magic darts (5)
 C - a wand of teleportation (4)
 D - a wand of cold (6)
Scrolls
 r - a scroll of enchant armour
 H - a scroll of amnesia {unknown}
 I - a scroll of remove curse
Potions
 z - 3 potions of flight
 E - a potion of might
Books
 t - a book of Dreams

   Spells                             Type                      Level
   a - Ensorcelled Hibernation        Hexes/Ice                    2
   b - Phase Shift                    Translocation                5
   c - Shadow Creatures               Summoning                    5
   d - Silence                        Hexes/Air                    5
   e - Darkness                       Hexes                        6
   f - Mass Confusion                 Hexes                        6
 v - a book of Power

   Spells                             Type                      Level
   a - Fulminant Prism                Conjuration/Hexes            4
   b - Iskenderun's Mystic Blast      Conjuration                  4
   c - Venom Bolt                     Conjuration/Poison           5
   d - Bolt of Magma                  Conjuration/Fire/Earth       5
   e - Iron Shot                      Conjuration/Earth            6
   f - Orb of Destruction             Conjuration                  7
   g - Spellforged Servitor           Conjuration/Summoning        7
Miscellaneous
 G - a crystal ball of energy
Comestibles
 e - 5 bread rations
 h - 2 meat rations
 p - 3 fruits
 B - a royal jelly
 F - 3 chunks of flesh


   Skills:
 - Level 12.4(17.4) Fighting
 - Level 16.0(21.0) Axes
 * Level 7.7(12.7) Armour
 - Level 3.6(8.6) Shields


You had 10 spell levels left.
You didn't know any spells.

Dungeon Overview and Level Annotations

Branches:
Dungeon (12/15)              Lair (5/8) D:11          Snake (0/4) Lair:5
    Orc (0/4) D:11
 Temple: D:4-7        Swamp: Lair:3-6    Shoals: Lair:3-6

Altars:
Dithmenos
Okawaru
Trog


Innate Abilities, Weirdness & Mutations

You reflexively headbutt those who attack you in melee.
You have a pair of horns on your head.


Message History

Read which item? (? for menu, Esc to quit)
Okay, then.
Drink which item? (? for menu, Esc to quit)
You feel yourself speed up.
* * * LOW HITPOINT WARNING * * *
You feel sick.
The black mamba bites you but does no damage.
The black mamba bites you.
* * * LOW HITPOINT WARNING * * *
You are very lightly contaminated with residual magic.
Unknown command.
* * * LOW HITPOINT WARNING * * *
You feel sick. The black mamba barely misses you.
* * * LOW HITPOINT WARNING * * *
You feel sick.
* * * LOW HITPOINT WARNING * * *
You feel sick.
Unknown command.
Okay, then.
Drink which item? (? for menu, Esc to quit)
Okay, then.
* * * LOW HITPOINT WARNING * * *
You feel sick. You block the black mamba's attack.
Unknown command.
* * * LOW HITPOINT WARNING * * *
You feel sick.
* * * LOW HITPOINT WARNING * * *
You feel sick.
Drink which item? (? for menu, Esc to quit)
It was a potion of curing.
You feel better. The black mamba bites you!
* * * LOW HITPOINT WARNING * * *
You are lethally poisoned!
The black mamba poisons you!
Drink which item? (? for menu, Esc to quit)
It was a potion of cancellation.
Your magical effects are unravelling.
Your magical contamination has completely faded away.
You feel magically purged.
You feel yourself slow down.
You die...

##.........P#.......P..##
###........###PP#..>..##
#........## #####.....#
##YYYP.#.# #####P...†
##..###### #.........†
#.Y..#### ##.......##.#
#P..###.###...#.P...###
##.YP.#..#...###..###
#....S@..#..# #..#.#
.#.######....S.##..P## #...#
.......<......##...#.###...####
..............###.....†....P..#
.............## #......P#......
..............##.#....####.P..#
............P####.....# ##....
.............# #.....# ##...#
............## #.....# #.....


You could see 2 elephants and 2 black mambas.

Vanquished Creatures
  A hill giant (D:10)
  An ugly thing (D:12)
  6 elephants (Lair:4)
  Joseph (D:8)
  7 black mambas (Lair:5)
  A spiny frog (Lair:3)
  2 komodo dragons (D:11)
  A troll (D:11)
  A basilisk (Lair:2)
  A hungry ghost (D:11)
  4 yaks (D:11)
  3 wolves (Lair:2)
  A steam dragon (D:11)
  4 hippogriffs
  6 water moccasins
  3 black bears
  A porcupine (Lair:1)
  A necrophage (D:11)
  An orc warrior (D:10)
  2 ice beasts
  4 crocodiles
  2 centaurs (D:9)
  3 giant frogs
  A big kobold (D:9)
  A scorpion (D:10)
  5 killer bees (D:10)
  5 wights (D:11)
  2 crimson imps (D:7)
  A giant frog zombie (D:11)
  2 hounds
  4 iguanas
  3 worker ants
  An orc priest (D:9)
  4 orc wizards
  7 river rats (Lair:2)
  3 adders
  An adder skeleton (D:4)
  A worm (D:4)
  6 giant geckos
  14 orcs
  A giant cockroach (D:3)
  A hobgoblin (D:3)
  A jackal (D:3)
  2 ball pythons (Lair:5)
  5 kobolds
  2 rats
  A plant (Lair:5)
131 creatures vanquished.

Notes
Turn   | Place    | Note
--------------------------------------------------------------
     0 | D:1      | Implojin the Minotaur Fighter began the quest for the Orb.
     0 | D:1      | Reached XP level 1. HP: 19/19 MP: 0/0
    48 | D:3      | Reached skill level 3 in Axes
    67 | D:3      | Reached XP level 2. HP: 21/26 MP: 1/1
   149 | D:4      | Reached skill level 4 in Axes
   149 | D:4      | Reached XP level 3. HP: 7/31 MP: 2/2
   191 | D:5      | Entered Level 5 of the Dungeon
   211 | D:6      | Noticed an ice beast
   222 | D:6      | Killed an ice beast
   222 | D:6      | Reached skill level 6 in Axes
   222 | D:6      | Reached XP level 4. HP: 17/39 MP: 3/3
   257 | D:6      | Reached XP level 5. HP: 24/45 MP: 4/4
   266 | D:7      | Noticed a black bear
   267 | D:7      | Found a bloodstained altar of Trog.
   267 | D:7      | Noticed a black bear
   274 | D:7      | Killed a black bear
   274 | D:7      | Reached skill level 5 in Fighting
   276 | D:7      | Killed a black bear
   276 | D:7      | Reached skill level 6 in Fighting
   276 | D:7      | Reached XP level 6. HP: 30/57 MP: 5/5
   339 | D:7      | Reached skill level 7 in Fighting
   411 | D:7      | Found a shadowy altar of Dithmenos.
   422 | D:7      | Found an iron altar of Okawaru.
   427 | D:7      | Became a worshipper of Warmaster Okawaru
   478 | D:8      | Noticed Joseph
   485 | D:8      | Reached XP level 7. HP: 66/66 MP: 6/6
   497 | D:8      | Reached skill level 7 in Axes
   514 | D:8      | Killed Joseph
   514 | D:8      | Reached * piety under Okawaru
   514 | D:8      | Reached skill level 8 in Axes
   515 | D:8      | Reached skill level 9 in Axes
   552 | D:9      | Got a steaming morningstar
   553 | D:9      | Identified the cursed +1 morningstar of Impermanence {crush, rN+} (You found it on level 9 of the Dungeon)
   666 | D:9      | Reached XP level 8. HP: 55/73 MP: 7/7
   667 | D:9      | Reached skill level 10 in Axes
   693 | D:10     | Entered Level 10 of the Dungeon
   771 | D:10     | Reached skill level 11 in Axes
   793 | D:10     | Reached ** piety under Okawaru
   845 | D:10     | Noticed a hill giant
   856 | D:10     | Killed a hill giant
   856 | D:10     | Reached skill level 12 in Axes
   856 | D:10     | Reached XP level 9. HP: 76/79 MP: 5/8
   868 | D:11     | Reached *** piety under Okawaru
   944 | D:11     | Reached skill level 13 in Axes
  1109 | D:12     | Noticed a green ugly thing
  1130 | D:12     | Killed a green ugly thing
  1130 | D:12     | Reached skill level 14 in Axes
  1240 | D:11     | Found a staircase to the Orcish Mines.
  1261 | D:11     | Reached **** piety under Okawaru
  1261 | D:11     | Reached skill level 15 in Axes
  1374 | D:11     | Reached XP level 10. HP: 57/86 MP: 6/9
  1421 | D:11     | Noticed a komodo dragon
  1430 | D:11     | Killed a komodo dragon
  1442 | D:11     | Reached skill level 16 in Axes
  1462 | D:11     | Found a staircase to the Lair.
  1482 | D:11     | Noticed a komodo dragon
  1490 | D:11     | Killed a komodo dragon
  1557 | Lair:1   | Entered Level 1 of the Lair of Beasts
  1578 | Lair:1   | Reached skill level 8 in Fighting
  1622 | Lair:2   | Reached skill level 9 in Fighting
  1701 | Lair:3   | Received a gift from Okawaru
  1769 | Lair:3   | Identified a scroll of acquirement
  1829 | Lair:2   | Reached skill level 10 in Fighting
  1894 | Lair:4   | Noticed an elephant
  1894 | Lair:4   | Noticed an elephant
  1894 | Lair:4   | Noticed an elephant
  1894 | Lair:4   | Noticed an elephant
  1894 | Lair:4   | Noticed an elephant
  1894 | Lair:4   | Noticed an elephant
  1907 | Lair:4   | Killed an elephant
  1921 | Lair:4   | Killed an elephant
  1921 | Lair:4   | Reached skill level 11 in Fighting
  1921 | Lair:4   | Killed an elephant
  1929 | Lair:4   | Killed an elephant
  1929 | Lair:4   | Reached XP level 11. HP: 20/103 MP: 3/10
  1930 | Lair:4   | Killed an elephant
  1938 | Lair:4   | HP: 5/104 [hippogriff (3)]
  1941 | Lair:4   | Killed an elephant
  1941 | Lair:4   | Reached ***** piety under Okawaru
  1941 | Lair:4   | Reached skill level 12 in Fighting
  2072 | Lair:5   | Reached skill level 4 in Armour
  2077 | Lair:5   | Reached skill level 5 in Armour
  2090 | Lair:5   | Found a staircase to the Snake Pit.
  2114 | Lair:5   | Reached skill level 6 in Armour
  2127 | Lair:5   | Reached skill level 7 in Armour
  2192 | Lair:5   | HP: 5/105 [poisoned by a black mamba]
  2197 | Lair:5   | HP: 1/105 [black mamba (8)]
  2198 | Lair:5   | Succumbed to a black mamba's poison

Action                   |  1- 3 |  4- 6 |  7- 9 | 10-12 || total
-------------------------+-------+-------+-------+-------++-------
Melee: War axe           |    43 |    19 |   179 |   185 ||   426
Throw: Javelin           |       |     1 |       |     5 ||     6
Invok: Heroism           |       |       |     5 |    10 ||    15
       Finesse           |       |       |       |     2 ||     2
  Use: Potion            |       |     1 |       |     4 ||     5
       Scroll            |       |       |     4 |     6 ||    10
  Eat: Chunk             |       |       |     3 |     4 ||     7
       Pizza             |       |       |     1 |       ||     1

Table legend:
 A = Turns spent in this place as a percentage of turns spent in the entire game.
 B = Non-inter-level travel turns spent in this place as a percentage of non-inter-level travel turns spent in the entire game.
 C = Inter-level travel turns spent in this place as a percentage of turns spent in this place.
 D = Turns resting spent in this place as a percentage of non-inter-level travel turns spent in this place.
 E = Turns spent auto-exploring this place as a percentage of non-inter-level travel turns spent in this place.
 F = Non-inter-level travel turns spent in this place divided by the number of levels of this place that you've seen.
                   A       B       C       D       E      F
               +-------+-------+-------+-------+-------+----------------------
         Total | 100.0 | 100.0 |   0.0 |   0.1 |   0.0 | 128.7
       Dungeon |  69.7 |  69.7 |   0.0 |   0.1 |   0.0 | 127.2
          Lair |  30.3 |  30.3 |   0.0 |   0.0 |   0.0 | 132.4
               +-------+-------+-------+-------+-------+----------------------

Table legend:
 A = Kills in this place as a percentage of kills in entire the game.
 B = Kills by you in this place as a percentage of kills by you in the entire game.
 C = Kills by friends in this place as a percentage of kills by friends in the entire game.
 D = Other kills in this place as a percentage of other kills in the entire game.
 E = Experience gained in this place as a percentage of experience gained in the entire game.
 F = Experience gained in this place divided by the number of levels of this place that you have seen.
                   A       B       C       D       E      F
               +-------+-------+-------+-------+-------+----------------------
         Total | 100.0 | 100.0 |  -nan |  -nan | 100.0 | 951.1
       Dungeon |  68.5 |  68.5 |  -nan |  -nan |  44.6 | 600.7
          Lair |  31.5 |  31.5 |  -nan |  -nan |  55.4 | 1792.0
               +-------+-------+-------+-------+-------+----------------------
